 Dungeon Crawl Stone Soup version 0.18-a0-1120-g03bd624 (webtiles) character file.

59 ater218 the Poker (level 3, -2/29 HPs)
             Began as a Demonspawn Berserker on Jan 17, 2016.
             Was a Believer of Trog.
             Slain by an adder (3 damage)
             ... on level 2 of the Dungeon.
             The game lasted 00:05:09 (980 turns).

ater218 the Poker (Demonspawn Berserker)             Turns: 980, Time: 00:05:09

Health: -2/29      AC: 11    Str: 18    XL:     3   Next: 78%
Magic:  3/3        EV:  6    Int:  8    God:    Trog [**....]
Gold:   110        SH:  0    Dex: 12    Spells: 0 memorised, 2 levels left

rFire  . . .     SeeInvis .     a - +1 spear
rCold  . . .     Gourm    .     d - +0 plate armour
rNeg   . . .     Faith    .     (no shield)
rPois  .         Spirit   .     (no helmet)
rElec  .         Dismiss  .     (no cloak)
rCorr  .         Reflect  .     (no gloves)
SustAt .         Harm     .     (no boots)
MR     .....     Rnd*Rage +     (no amulet)
Stlth  ..........               (no ring)
                                (no ring)

@: lethally poisoned (-2 -> -13), not resistant to hostile enchantments,
extremely unstealthy
A: hooves 1, berserk 1, regeneration 1
a: Berserk, Trog's Hand, Burn Spellbooks, Renounce Religion


You were on level 2 of the Dungeon.
You worshipped Trog.
Trog was pleased with you.
You were very hungry.

You visited 1 branch of the dungeon, and saw 2 of its levels.

You collected 110 gold pieces.

Inventory:

Hand Weapons
 a - a +1 spear (weapon)
Armour
 d - a +0 plate armour (worn)
Scrolls
 g - a scroll of remove curse
Potions
 h - a potion of mutation
Comestibles
 b - 6 chunks of flesh
 c - 2 bread rations
 f - 3 fruits


   Skills:
 + Level 3.4 Fighting
 * Level 3.6 Polearms
 + Level 2.2 Armour
 * Level 2.1 Dodging


You had 2 spell levels left.
You didn't know any spells.

Dungeon Overview and Level Annotations

Branches:
Dungeon (2/15)

Altars:


Innate Abilities, Weirdness & Mutations

You have large cloven feet.
You tend to lose your temper in combat.
Your natural rate of healing is unusually fast.


Message History

The adder is almost dead.
* * * LOW HITPOINT WARNING * * *
You feel sick. The adder bites you.
* * * LOW HITPOINT WARNING * * *
You are more poisoned.
The adder poisons you!
You closely miss the adder. Your kick misses the adder.
The adder is almost dead.
* * * LOW HITPOINT WARNING * * *
You feel sick. The adder barely misses you.
You closely miss the adder. You kick the adder, but do no damage.
The adder is almost dead.
* * * LOW HITPOINT WARNING * * *
You feel sick. The adder bites you but does no damage.
Your plate armour prevents you from hitting the adder.
You kick the adder, but do no damage.
The adder is almost dead.
* * * LOW HITPOINT WARNING * * *
You feel sick. The adder bites you.
You die...

######## #......###..
#......#.###..####.....
#......#..###.###..###.
#......##.#.....).###..
#.%...?...>...#...#....
#.............#.#......
#.............#.....#..
#...............(......
#.....@S...............
#...............)......
#..............รท.......
###....#...##..........
#..#####.............
#..# ####.......... #..
#.....(..$. ....
#.%.......# ..
#..........


You could see an adder.

Vanquished Creatures
  3 adders (D:2)
  An ooze (D:1)
  A giant gecko (D:1)
  4 bats
  2 giant cockroaches (D:1)
  3 goblins
  3 hobgoblins (D:1)
  4 kobolds
  A ball python (D:1)
  3 giant newts
  4 rats
29 creatures vanquished.

Notes
Turn   | Place    | Note
--------------------------------------------------------------
     0 | D:1      | ater218 the Demonspawn Berserker began the quest for the Orb.
     0 | D:1      | Reached XP level 1. HP: 18/18 MP: 1/1
   133 | D:1      | Gained mutation: You have large cloven feet. [demonic ancestry]
   133 | D:1      | Reached XP level 2. HP: 14/24 MP: 2/2
   479 | D:1      | Gained mutation: You tend to lose your temper in combat. [potion of mutation]
   479 | D:1      | Gained mutation: Your natural rate of healing is unusually fast. [potion of mutation]
   881 | D:2      | Reached ** piety under Trog
   881 | D:2      | Reached XP level 3. HP: 29/29 MP: 3/3
   980 | D:2      | HP: 1/29 [poisoned by an adder]
   980 | D:2      | Slain by an adder

Vault maps used:
D:1:      dpeg_arrival_long_road, st_stairs_4, hex_large
D:2:      kiku_gazebo_pond_becter, first_bread, grunt_ministairs_14

Action                   || total
-------------------------++-------
Melee: Spear             ||   115
Invok: Berserk           ||     1
  Use: Scroll            ||     3
       Potion            ||     3
